 Dungeon Crawl Stone Soup version 0.25-a0-178-gc9f82b1288 (webtiles) character file.

Game seed: 6267677486205758993, levelgen mode: deterministic

4064 vurker the Geomancer (level 10, 0/68 HPs)
             Began as an Octopode Earth Elementalist on Nov 26, 2019.
             Was a Believer of Vehumet.
             Slain by an unseen horror (6 damage)
             ... on level 9 of the Dungeon.
             The game lasted 00:20:24 (11124 turns).

vurker the Geomancer (Octopode Earth Elementalist) Turns: 11124, Time: 00:20:24

Health: 0/68       AC:  1    Str:  7    XL:     10   Next: 25%
Magic:  12/31      EV: 13    Int: 21    God:    Vehumet [**....]
Gold:   606        SH:  6    Dex: 13    Spells: 14/25 levels left

rFire    . . .     SeeInvis .   d - +3 whip (elec)
rCold    . . .     Gourm    .   k - +1 buckler
rNeg     . . .     Faith    .   (helmet restricted)
rPois    .         Spirit   .   (no amulet)
rElec    .         Reflect  .   h - ring of magical power
rCorr    .         Harm     .   B - ring of protection from magic
MR       +....                  (no ring)
Stlth    +++.......             (no ring)
HPRegen  0.21/turn              (no ring)
MPRegen  0.22/turn              (no ring)
                                (no ring)
                                (no ring)

@: no status effects
A: almost no armour, stealthy swim, amphibious, 8 rings, constrict 8, camouflage
1, gelatinous body 1
a: Renounce Religion


You were on level 9 of the Dungeon.
You worshipped Vehumet.
Vehumet was pleased with you.
You were hungry.

You visited 2 branches of the dungeon, and saw 10 of its levels.

You collected 606 gold pieces.

Inventory:

Hand Weapons
 d - a +3 whip of electrocution (weapon)
   (You took it off an orc on level 6 of the Dungeon)
 f - a +0 dagger
   (You took it off a goblin on level 1 of the Dungeon)
 j - a +4 flail of venom
   (You took it off Edmund on level 4 of the Dungeon)
Missiles
 b - 69 stones (quivered)
Armour
 k - a +1 buckler (worn)
   (You found it on level 1 of the Dungeon)
Jewellery
 h - a ring of magical power (left tentacle)
   (You found it on level 1 of the Dungeon)
 B - a ring of protection from magic (right tentacle)
   (You found it on level 8 of the Dungeon)
Wands
 v - a wand of digging (6)
   (You found it on level 8 of the Dungeon)
Scrolls
 a - 3 scrolls of remove curse
 l - 4 scrolls of teleportation
 m - 2 scrolls of enchant armour
 s - 2 scrolls of immolation {unknown}
 t - 5 scrolls of fear {unknown}
 u - 2 scrolls of magic mapping {unknown}
 y - a scroll of enchant weapon {unknown}
Potions
 c - 3 potions of resistance
 g - a potion of heal wounds {unknown}
 i - 2 potions of mutation
 n - 6 potions of flight
 o - 8 potions of curing
 p - 2 potions of invisibility
 q - a potion of brilliance {unknown}
 r - a potion of agility {unknown}
 w - a potion of haste
 x - a potion of degeneration {unknown}
 z - 2 potions of might {unknown}
Comestibles
 e - 15 rations


   Skills:
 + Level 6.0 Fighting
 - Level 2.0 Dodging
 - Level 2.6 Stealth
 - Level 4.0 Shields
 * Level 8.4 Spellcasting
 - Level 1.0 Transmutations
 * Level 9.3 Earth Magic


You had 14 spell levels left.
You knew the following spells:

 Your Spells              Type           Power        Failure   Level  Hunger
a - Sandblast             Erth           #####.       1%          1    None
b - Stone Arrow           Conj/Erth      ####..       3%          3    None
q - Passwall              Tmut/Erth      ####....     1%          2    None
z - Lee's Rapid Deconstr  Erth           #####.....   4%          5    #####..

Your spell library contained the following spells:

 Spells                   Type           Power        Failure   Level  Hunger
 Mephitic Cloud           Conj/Pois/Air  #.......     22%         3    None
 Petrify                  Tmut/Erth      ####....     9%          4    ###....


Dungeon Overview and Level Annotations

Branches:
Dungeon (9/15)             Temple (1/1) D:4
   Lair: D:8-11         Orc: D:9-12

Altars:
Ashenzari
Cheibriados
Dithmenos
Elyvilon
Fedhas
Gozag
Hepliaklqana
Kikubaaqudgha
Makhleb
Nemelex Xobeh
Okawaru
Qazlal
Ru
Sif Muna
Trog
Uskayaw
Vehumet
Wu Jian
Xom
Yredelemnul
Zin
The Shining One


Innate Abilities, Weirdness & Mutations

You cannot wear most types of armour.
You are very stealthy in the water. (Stealth+)
You are amphibious.
You can wear up to eight rings at the same time.
You can use your tentacles to constrict eight enemies at once.
Your skin changes colour to match your surroundings (Stealth+).
Your rubbery body absorbs attacks. (AC +1, EV +1)


Message History

Eating one of 2 chunks of flesh.
You eat one of the 2 chunks of flesh.
Eating a chunk of flesh.
You eat the chunk of flesh.
q - a fuming orange potion
Okay, then.
A wyvern comes into view.
You can't see any susceptible monsters within range! (Use Z to cast anyway.)
Found a flail.
A rock wall.
The wall shatters!
The blast of rock fragments hits the wyvern!!
The wyvern hisses angrily.
You hear a roar!
A rock wall.
The wall shatters!
The blast of rock fragments hits the wyvern!
You kill the wyvern!
Vehumet accepts your kill. Something hits you but does no damage.
Deactivating autopickup; reactivate with Ctrl-A.
Something hits you. Something hits you but does no damage.
Something barely misses you. Something hits you. Something hits you.
Something hits you but does no damage.
A rock wall.
The wall shatters!
The blast of rock fragments hits something!
Something hits you!
A rock wall.
The wall shatters!
You are feeling hungry.
Something hits you!
A rock wall.
The wall shatters!
Something hits you.
* * * LOW HITPOINT WARNING * * *
Unknown command.
Unknown command.
Unknown command.
Something hits you.
* * * LOW HITPOINT WARNING * * *
Something hits you!
* * * LOW HITPOINT WARNING * * *
Something hits you!
* * * LOW HITPOINT WARNING * * *
You miss something. Your squeeze misses something. Something hits you.
* * * LOW HITPOINT WARNING * * *
Something hits you.
You die...

#################################
........................)........
..รท.....[# #...##..##....# #..##
....###..# #...##..##....# #....
....###..# #...##..##....####....
.........# #...##................
.........# #...##.......### ##...
.........###....@.......# #...
.............############ ....##
...########### ... ...# .. ...#
...# ...# . ...# . ##.# ##


There were no monsters in sight!

Vanquished Creatures
  Joseph (D:7)
  2 wyverns
  Eustachio (D:4)
  Edmund (D:4)
  A sky beast (D:5)
  2 ice beasts
  3 phantoms
  5 ogres
  2 orc warriors
  3 centaurs
  A big kobold (D:6)
  Blork the orc (D:4)
  A bullfrog (D:7)
  A scorpion (D:8)
  6 killer bees (D:8)
  5 wights (D:6)
  A howler monkey (D:6)
  2 electric eels (D:8)
  A quasit (D:7)
  3 crimson imps (D:7)
  4 orc priests
  4 hounds
  A jelly (D:7)
  2 centaur skeletons (D:4)
  2 iguanas
  Ijyb (D:4)
  5 orc wizards
  A worker ant (D:3)
  2 hound skeletons
  2 hound zombies
  A howler monkey skeleton (D:4)
  5 adders
  An ooze (D:1)
  A dart slug (D:4)
  6 leopard geckos
  26 orcs
  2 ball pythons
  10 bats
  5 giant cockroaches
  11 goblins
  7 hobgoblins
  10 jackals
  3 quokkas
  A ball python skeleton (D:2)
  6 frilled lizards
  A jackal skeleton (D:4)
  29 kobolds
  A leopard gecko skeleton (D:5)
  A leopard gecko zombie (D:9)
  2 quokka zombies (D:5)
  8 rats
  2 plants (D:6)
206 creatures vanquished.

Notes
Turn   | Place    | Note
-------+----------+-------------------------------------------
     0 | D:1      | vurker the Octopode Earth Elementalist began the quest for
                  | the Orb.
     0 | D:1      | Reached XP level 1. HP: 11/11 MP: 3/3
   129 | D:1      | Reached XP level 2. HP: 18/18 MP: 3/5
   295 | D:1      | You fall into a shaft and drop 1 floor!
   304 | D:2      | Reached skill level 1 in Fighting
   304 | D:2      | Reached XP level 3. HP: 23/23 MP: 2/6
   757 | D:1      | Learned a level 3 spell: Stone Arrow
   760 | D:1      | Learned a level 2 spell: Passwall
  1581 | D:2      | Reached XP level 4. HP: 28/28 MP: 8/8
  2108 | D:3      | Reached skill level 4 in Earth Magic
  2162 | D:3      | Reached skill level 1 in Shields
  2162 | D:3      | Reached XP level 5. HP: 26/34 MP: 4/9
  2317 | D:3      | You fall into a shaft and drop 2 floors!
  2317 | D:5      | Entered Level 5 of the Dungeon
  2317 | D:5      | Found a shattered altar of Ashenzari.
  2317 | D:5      | Found an ornate altar of the Wu Jian Council.
  2317 | D:5      | Found an opulent altar of Gozag.
  2319 | D:5      | Found a shimmering blue altar of Sif Muna.
  2319 | D:5      | Found a stormy altar of Qazlal.
  2319 | D:5      | Found a shadowy altar of Dithmenos.
  2319 | D:5      | Found a sparkling altar of Nemelex Xobeh.
  2793 | D:3      | You fall into a shaft and drop 1 floor!
  2796 | D:4      | Noticed a phantom
  2809 | D:4      | Killed a phantom
  2809 | D:4      | Reached XP level 6. HP: 21/40 MP: 1/11
  3164 | D:4      | Learned a level 5 spell: Lee's Rapid Deconstruction
  3218 | D:4      | Noticed Blork the orc
  3222 | D:4      | Killed Blork the orc
  3222 | D:4      | Reached skill level 5 in Earth Magic
  3271 | D:4      | Noticed Eustachio
  3500 | D:4      | Killed Eustachio
  3500 | D:4      | Reached XP level 7. HP: 45/45 MP: 13/13
  3652 | D:4      | Noticed Edmund
  3657 | D:4      | Noticed Ijyb
  3664 | D:4      | Killed Edmund
  3668 | D:4      | Killed Ijyb
  4012 | D:4      | Found a staircase to the Ecumenical Temple.
  4164 | D:4      | Reached skill level 5 in Spellcasting
  4284 | Temple   | Entered the Ecumenical Temple
  4395 | Temple   | Became a worshipper of Vehumet
  4451 | D:5      | Reached XP level 8. HP: 52/52 MP: 15/15
  4555 | D:5      | Found a shattered altar of Ashenzari.
  4567 | D:5      | Reached skill level 6 in Earth Magic
  5962 | D:6      | Reached skill level 7 in Earth Magic
  6200 | D:6      | Reached * piety under Vehumet
  6200 | D:6      | Offered knowledge of Shock by Vehumet.
  6203 | D:6      | Reached XP level 9. HP: 58/58 MP: 6/18
  7065 | D:7      | Noticed Joseph
  8639 | D:7      | Killed Joseph
  8639 | D:7      | Reached skill level 5 in Fighting
  8639 | D:7      | Reached skill level 8 in Earth Magic
  9631 | D:8      | Reached ** piety under Vehumet
  9631 | D:8      | Offered knowledge of Magic Dart by Vehumet.
 10160 | D:8      | Reached XP level 10. HP: 42/67 MP: 18/21
 10486 | D:8      | Reached skill level 9 in Earth Magic
 10861 | D:9      | Offered knowledge of Mephitic Cloud by Vehumet.
 10923 | D:9      | Noticed a five-headed hydra
 11124 | D:9      | Slain by an unseen horror

Levels and vault maps discovered:
D:1:      minmay_arrival_solitary_statue, layout_basic
D:2:      layout_basic
D:3:      layout_rooms, corexii_shack
D:4:      kennysheep_six_static_rooms, layout_basic, temple_statues,
          first_ration, uniq_blork_the_orc, uniq_edmund, uniq_ijyb,
          uniq_eustachio
D:5:      layout_cave_pools, grunt_temple_overflow_open,
          minmay_misc_feat_nine_boxes, chequers_serial_rivers_small_b,
          chequers_serial_rivers_micro_d, grunt_ministairs_3,
          evilmike_ruin_ashenzari
D:6:      kennysheep_kobold_camp, layout_cave_pools
D:7:      layout_rooms, uniq_joseph
D:8:      layout_basic, fountainhead
D:9:      minmay_the_grid_octo_tiled_squarecenter
          [minmay_the_grid_octo_odd_swirl, minmay_the_grid_octo_shrine,
          minmay_the_grid_octo_pinwheel, minmay_the_grid_octo_checkerflower,
          minmay_the_grid_square_5x5_megaprize_diamond,
          minmay_the_grid_square_5x5_inverted_slash,
          minmay_the_grid_square_5x5_lines, minmay_the_grid_square_5x5_c,
          minmay_the_grid_square_5x5_plus], layout_stronghold,
          erik_lair_orcish_takeover
Temple:   regret_index_temple_waves

Skill      XL: |  1  2  3  4  5  6  7  8  9 10 |
---------------+-------------------------------+-----
Fighting       | 1 2 3 4 5 6 |  6.0
Spellcasting   | 3 4 5 6 7 8 |  8.4
Earth Magic    | 4 5 7 8 9 |  9.3
Shields        | 1 2 3 4 |  4.0
Dodging        | |  2.0
Stealth        | |  2.6
Transmutations | |  1.0

Action                   |  1- 3 |  4- 6 |  7- 9 | 10-12 || total
-------------------------+-------+-------+-------+-------++-------
Melee: Dagger            |     5 |       |     2 |       ||     7
       Tentacles         |     2 |       |    11 |       ||    13
       Constrict         |     1 |       |     4 |       ||     5
       Flail             |       |       |    22 |       ||    22
       Whip              |       |       |    11 |     1 ||    12
 Cast: Sandblast         |    46 |    64 |    74 |     5 ||   189
       Stone Arrow       |     5 |    16 |   123 |    13 ||   157
       Lee's Rapid Decon |       |       |    14 |    19 ||    33
  Use: Scroll            |       |       |    12 |       ||    12
       Potion            |       |       |     1 |       ||     1
 Stab: Sleeping          |     1 |       |       |       ||     1
  Eat: Chunk             |     3 |     7 |    11 |     6 ||    27
       Ration            |       |       |     5 |       ||     5
Armor: Skin              |     1 |     2 |    12 |     3 ||    18
Dodge: Dodged            |     6 |    15 |    58 |     4 ||    83
Block: Buckler           |       |       |    23 |     3 ||    26

Table legend:
 A = Non-vault XP
 B = Vault XP
 C = Vault XP percentage of total XP
 D = Non-vault monster count
 E = Vault monster count
 F = Vault count percentage of total count
                 A         B        C        D         E       F
            +---------+---------+-------+---------+---------+-------
      Total |    4193 |    1613 |  27.8 |     166 |      38 |  18.6
            +---------+---------+-------+---------+---------+-------
        D:1 |      50 |       0 |   0.0 |      28 |       0 |   0.0
        D:2 |      36 |       0 |   0.0 |      17 |       0 |   0.0
        D:3 |     166 |       2 |   1.2 |      24 |       1 |   4.0
        D:4 |     350 |     545 |  60.9 |      10 |       7 |  41.2
        D:5 |     513 |      10 |   1.9 |      18 |       4 |  18.2
        D:6 |     624 |     123 |  16.5 |      15 |      20 |  57.1
        D:7 |     926 |     471 |  33.7 |      22 |       1 |   4.3
        D:8 |    1375 |       0 |   0.0 |      27 |       0 |   0.0
        D:9 |     153 |     462 |  75.1 |       5 |       5 |  50.0
            +---------+---------+-------+---------+---------+-------
